 Dungeon Crawl Stone Soup version 0.16-a0-2989-gec99a28 (webtiles) character file.

772 Ratboiler the Basher (level 7, -6/67 HPs)
             Began as an Ogre Wanderer on Dec 6, 2014.
             Was a Follower of Okawaru.
             Killed from afar by braks' ghost (27 damage)
             ... with a bolt of negative energy
             ... on level 5 of the Dungeon.
             The game lasted 00:15:37 (5640 turns).

Ratboiler the Basher (Ogre Wanderer)                Turns: 5640, Time: 00:15:38

Health: -6/67      AC:  4    Str: 17    XL:     7   Next: 83%
Magic:  9/9        EV:  6    Int: 12    God:    Okawaru [*.....]
Gold:   245        SH:  6    Dex: 11    Spells: 0 memorised, 8 levels left

rFire  . . .     SeeInvis .     a - +2 whip (venom)
rCold  . . .     Clarity  .     d - +0 robe
rNeg   . . .     SustAb   .     i - +0 shield
rPois  .         Gourm    .     C - +1 hat
rElec  .         Spirit   .     (no cloak)
rCorr  .         Warding  .     (gloves unavailable)
rMut   .         Stasis   .     (boots unavailable)
MR     .....                    (no amulet)
Stlth  ++........               F - ring of stealth
                                l - ring of invisibility

@: heavily drained, not resistant to hostile enchantments, unstealthy
A: unfitting armour, tough skin 1
a: Heroism, Renounce Religion, Evoke Invisibility


You were on level 5 of the Dungeon.
You worshipped Okawaru.
Okawaru was aware of your devotion.
You were not hungry.

You visited 1 branch of the dungeon, and saw 6 of its levels.

You collected 245 gold pieces.

Inventory:

Hand weapons
 a - a +2 whip of venom (weapon)
 b - a +0 hand crossbow
 c - a +0 blowgun
 D - a +0 giant spiked club
Missiles
 e - 65 bolts
 t - 12 poisoned needles
Armour
 d - a +0 robe (worn)
 i - a +0 shield (worn)
 C - a +1 hat (worn)
Jewellery
 l - a ring of invisibility (left hand)
 r - an uncursed amulet of stasis
 F - a ring of stealth (right hand)
Magical devices
 x - a wand of invisibility (6)
 E - a wand of heal wounds (1)
Scrolls
 h - 2 scrolls of random uselessness {unknown}
 p - 3 scrolls of remove curse {unknown}
 q - a scroll of amnesia {unknown}
 v - a scroll of fog {unknown}
 y - a scroll of immolation {unknown}
 A - 2 scrolls of recharging {unknown}
 B - a scroll of vulnerability {unknown}
Potions
 g - 8 potions of curing {unknown}
 k - a potion of mutation
 m - a potion of cancellation
 n - a potion of invisibility
 o - 2 potions of might
 u - a potion of brilliance {unknown}
 w - 2 potions of agility {unknown}
 z - a potion of heal wounds {unknown}
Comestibles
 f - 3 meat rations
 j - a bread ration
 s - 2 beef jerkies


   Skills:
 - Level 3.4(1.9) Fighting
 + Level 11.0(9.1) Maces & Flails
 - Level 1.0(0.0) Armour
 - Level 1.0(0.0) Shields
 - Level 1.2(0.0) Spellcasting
   Level 1.0(0.0) Charms
   Level 1.0(0.0) Ice Magic
 - Level 1.0(0.0) Evocations


You had 8 spell levels left.
You didn't know any spells.

Dungeon Overview and Level Annotations

Branches:
Dungeon (6/15)
 Temple: D:4-7

Altars:
Gozag
Makhleb
Nemelex Xobeh
Okawaru
Trog

Shops:
D:4 =:

Annotations:
D:5 braks' ghost, experienced DrCK


Innate Abilities, Weirdness & Mutations

You are too large for most types of armour.
You have tough skin (AC +1).


Message History

The worker ant is heavily wounded.
The worker ant bites you but does no damage.
You hit the worker ant.
The worker ant looks even sicker.
The worker ant is almost dead.
You kill the worker ant!
Okawaru accepts your kill.
Your Maces & Flails skill increases to level 11!
Found a potion of mutation and a scroll of identify.
You now have 245 gold pieces (gained 13).
There is a stone staircase leading up, spattered with blood here.
You climb upwards.
Level annotation: braks' ghost, experienced DrCK
There is a stone staircase leading down, spattered with blood here.
Braks' ghost is nearby!
Things that are here:
16 arrows; a shortbow Braks' ghost says, "My insurmountable tactics guarantee your defeat."
Braks' ghost breathes negative energy at you.
The bolt of negative energy hits you!
You feel drained.
You die...

.## #.#.#.# #.......#
#.#..# ..#####.#.#.#
#.......# #.##.##
...........>####.......#
#..)..#
#..####.....(..........#
#######
##)######.(...........##
##.#.........W..#####.#
............[......##.#
###..#####)####.##.##.#
#.....##.#..#.@#.##.#
#........#..#..#.##.#
#.###.##)#..#.......# #
#..##.##.#..#.##.#### #
#..##.##.#..#....# #
#..##.##รท#..###..# #
#...#.##.#.......# #
#.#.#.##.#...#...# #
#.#.#.##.#...#...###


You could see braks' ghost.

Vanquished Creatures
  Edmund (D:6)
  An ogre (D:5)
  A centaur (D:5)
  Blork the orc (D:4)
  A hound (D:4)
  4 worker ants
  3 orc wizards
  A hound skeleton (D:5)
  3 gnolls (D:5)
  7 adders
  A worm (D:4)
  4 giant geckos
  7 orcs
  3 ball pythons
  10 bats
  2 giant cockroaches (D:2)
  9 goblins
  8 hobgoblins
  6 jackals
  18 kobolds
  A quokka (D:2)
  5 giant newts
  2 quokka skeletons
  18 rats
117 creatures vanquished.

Notes
Turn   | Place    | Note
--------------------------------------------------------------
     0 | D:1      | Ratboiler, the Ogre Wanderer, began the quest for the Orb.
     0 | D:1      | Ratboiler set off with: a +0 shield, a +0 hand crossbow, a +0 robe, 27 bolts, a meat ration
     0 | D:1      | Reached XP level 1. HP: 22/22 MP: 2/2
    53 | D:1      | Reached skill level 3 in Fighting
   173 | D:1      | Reached XP level 2. HP: 31/31 MP: 3/3
  1165 | D:1      | Reached XP level 3. HP: 37/37 MP: 4/4
  1168 | D:1      | Reached skill level 4 in Maces & Flails
  1885 | D:2      | Reached skill level 5 in Maces & Flails
  1914 | D:2      | Reached XP level 4. HP: 42/45 MP: 6/6
  1958 | D:2      | Found an iron altar of Okawaru.
  1966 | D:2      | Became a worshipper of Warmaster Okawaru
  2290 | D:2      | Found a bloodstained altar of Trog.
  2903 | D:3      | Reached skill level 6 in Maces & Flails
  2992 | D:3      | Reached XP level 5. HP: 38/53 MP: 7/7
  3769 | D:4      | Found a burning altar of Makhleb.
  3797 | D:4      | Noticed Blork the orc
  3897 | D:4      | Killed Blork the orc
  3897 | D:4      | Reached skill level 7 in Maces & Flails
  3987 | D:4      | Reached XP level 6. HP: 61/61 MP: 8/8
  4070 | D:4      | Found Safoefuo's Jewellery Shop.
  4108 | D:4      | Found Adam's Book Shoppe.
  4116 | D:4      | Reached skill level 8 in Maces & Flails
  4365 | D:5      | Entered Level 5 of the Dungeon
  4426 | D:5      | Acquired Okawaru's first power
  4559 | D:5      | Reached skill level 9 in Maces & Flails
  4743 | D:5      | Found a sparkling altar of Nemelex Xobeh.
  4818 | D:5      | Reached XP level 7. HP: 52/67 MP: 9/9
  5006 | D:5      | Found an opulent altar of Gozag.
  5023 | D:5      | Reached skill level 10 in Maces & Flails
  5479 | D:5      | Noticed braks' ghost (experienced DrCK)
  5589 | D:6      | Noticed Edmund
  5613 | D:6      | Killed Edmund
  5620 | D:6      | Reached skill level 11 in Maces & Flails
  5640 | D:5      | Killed from afar by braks' ghost

Action                   |  1- 3 |  4- 6 |  7- 9 || total
-------------------------+-------+-------+-------++-------
Melee: Club              |   143 |    45 |       ||   188
       Whip              |       |   115 |    50 ||   165
 Fire: Hand crossbow     |    23 |    24 |     7 ||    54
       Blowgun           |       |    20 |     4 ||    24
  Use: Scroll            |       |     5 |       ||     5
 Stab: Sleeping          |       |     1 |       ||     1
  Eat: Chunk             |     3 |     8 |     4 ||    15
